[Event "Live Chess"]
[Site "Chess.com"]
[Date "2023.05.21"]
[Round "-"]
[White "friarnator"]
[Black "EdenHazard8"]
[Result "0-1"]
[WhiteElo "2010"]
[BlackElo "1932"]
[TimeControl "300"]
[EndTime "5:05:44 PDT"]
[Termination "EdenHazard8 won by resignation"]

1. d4 d5 2. Nc3 e6 3. Bf4 Nf6 4. e3 Bd6 5. Nf3 Bxf4 6. exf4 c5 7. Be2 Nc6 8. O-O cxd4 9. Nxd4 Qb6 10. Nb3 Bd7 11.
Bf3 O-O-O 12. a4 h6 13. a5 Qc7 14. f5 g5 15. a6 b6 16. Nb5 Qb8 17. N3d4 Nxd4 18.
Nxd4 e5 19. Nb3 e4 20. Qd4 exf3 21. Qxf6 fxg2 22. Rfe1 Rhe8 23. Nd4 Qc7 24. c3 Re4 25. Qxf7 Rh4 26. Kxg2 Qxh2+ 27. Kf1 Rf4 28. Ke2 Qxf2+ 29. Kd3 Rxf5 30. Qe7 Rf3+ 31. Nxf3 Bf5+ 0-1

[Event "Live Chess"]
[Site "Chess.com"]
[Date "2023.05.21"]
[Round "-"]
[White "Tushinskiy"]
[Black "CheckThis4"]
[Result "0-1"]
[WhiteElo "2209"]
[BlackElo "2511"]
[TimeControl "300"]
[EndTime "5:05:49 PDT"]
[Termination "CheckThis4 won on time"]

1. d4 Nf6 2. c3 d6 3. Nf3 Nbd7 4.
Bf4 Nh5 5. Bg3 e5 6. dxe5 Nxg3 7. hxg3 dxe5 8. Qc2 h6 9. Nbd2 Bc5 10. e4 Qe7 11. Nc4 b5 12. Ncd2 a6 13. a4 b4 14.
Bc4 O-O 15. O-O Nf6 16. Nb3 Bb6 17. a5 Ba7 18. Rae1 Ng4 19. Bd5 Rb8 20. c4 Qf6 21. c5 Bd7 22. Nh2 Nxh2 23. Kxh2 Ba4 24. f4 Rb5 25. fxe5 Qxe5 26. Rf5 Qe7 27. Ref1 Rxc5 28. Rxf7 Rxf7 29. Rxf7 Rxc2 30. Rxe7+ Kf8 31. Rf7+ Ke8 32.
Rxg7 Rxb2 33. Rxc7 Be3 34. Nc5 Rc2 35. Ne6 Rxc7 36.
Nxc7+ Kd7 37. Nxa6 b3 38. Nb4 b2 39. Ba2 Bd2 40.
Nd5 Bxa5 41. Nf6+ Kd6 42. Ng4 Bd2 43. e5+ Ke7 44. Nf6 Bc2 45. Nd5+ Kd7 46. Nf6+ Ke7 47.
Nd5+ Kf8 48. e6 b1=Q 49. e7+ Ke8 50. Bxb1 Bxb1 51. Kh3 Bg5 52. Kg4 Ba2 53. Nf4 Kxe7 54. Kf5 Bb3 55. Ng6+ Kf7 56. Ne5+ Kg7 57. Nf3 Bc2+ 58.
Kg4 Be3 59. Kh5 Bd1 60. g4 Bxf3 61. gxf3 Bg5 62. f4 Bxf4 63. Kh4 Kf6 64. Kh5 Ke5 65. Kh4 Ke4 66. Kh5 Kf3 67. g5 hxg5 68. Kg6 g4 69. Kf6 g3 70. Ke6 g2 71. Kd5 g1=Q 0-1

[Event "Live Chess"]
[Site "Chess.com"]
[Date "2023.05.21"]
[Round "-"]
[White "jbooth"]
[Black "JoshMcK"]
[Result "0-1"]
[WhiteElo "1675"]
[BlackElo "1556"]
[TimeControl "300"]
[EndTime "5:05:57 PDT"]
[Termination "JoshMcK won by resignation"]

1. e4 c6 2. d4 d5 3. Nc3 dxe4 4.
Nxe4 Nf6 5. Nxf6+ exf6 6. c3 Bd6 7. Bd3 O-O 8. Ne2 Re8 9. O-O Bg4 10. f3 Bh5 11. Kh1 Qc7 12. Qe1 Bxh2 13. Qh4 Bg6 14. Bxg6 fxg6 15. Qxh2 Qxh2+ 16. Kxh2 Rxe2 17. Kg3 Nd7 18. Rf2 Rxf2 19. Kxf2 Re8 20. b3 f5 21. Ba3 Nf6 22. Re1 Rxe1 23. Kxe1 g5 24. Be7 Kf7 25. Bxf6 gxf6 26. Ke2 f4 27. a4 Ke6 28. Kd3 f5 29. b4 h5 30. c4 b6 31. a5 g4 32.
axb6 axb6 33. b5 cxb5 34. cxb5 Kd5 35. Kc3 gxf3 36. gxf3 h4 37. Kd3 h3 38. Ke2 h2 0-1

[Event "Live Chess"]
[Site "Chess.com"]
[Date "2023.05.21"]
[Round "-"]
[White "Leonid_Starozhilov"]
[Black "viktorskliarov"]
[Result "1/2-1/2"]
[WhiteElo "2633"]
[BlackElo "2648"]
[TimeControl "300"]
[EndTime "5:05:57 PDT"]
[Termination "Game drawn by agreement"]

1. e4 c5 2. Nf3 Nc6 3. d4 cxd4 4. Nxd4 Nf6 5. Nc3 e5 6. Ndb5 d6 7. Bg5 a6 8. Na3 b5 9. Nd5 Be7 10. Bxf6 Bxf6 11. c3 O-O 12. Nc2 Rb8 13. h4 g6 14. g3 h5 15. Be2 Bg7 16. O-O Ne7 17.
Nce3 Nxd5 18. Nxd5 Be6 19. a4 bxa4 20. Nb4 Bb3 21. Qd2 Rb6 1/2-1/2

[Event "Live Chess"]
[Site "Chess.com"]
[Date "2023.05.21"]
[Round "-"]
[White "GwaryTek"]
[Black "jumush"]
[Result "1-0"]
[WhiteElo "2065"]
[BlackElo "1733"]
[TimeControl "300"]
[EndTime "5:06:16 PDT"]
[Termination "GwaryTek won by resignation"]

1. d4 d5 2. c4 e6 3. Nc3 c5 4. Nf3 Nc6 5. cxd5 exd5 6. Bg5 Be7 7. Bxe7 Ngxe7 8. dxc5 d4 9. Ne4 Qa5+ 10. Qd2 Qxd2+ 11. Kxd2 O-O 12. Rc1 Bf5 13. Nd6 Bg6 14. b3 Rab8 15.
g3 Rfd8 16. Nh4 b6 17. Nxg6 Nxg6 18. Ne4 f5 19. Ng5 bxc5 20. Rxc5 Nb4 21. Bg2 Nxa2 22.
Bd5+ Kf8 23. Ne6+ Ke7 24. Nxd8 Rxd8 25. Ra1 Nb4 26. Rxa7+ Kd6 27. Raa5 Ne7 28. Bc4 g6 29. Rcb5 Nbc6 30. Ra6 Kc7 31. Rc5 Kd6 32. Rcxc6+ Nxc6 33. Bb5 Rc8 34. Kd3 Kc5 35. Bxc6 Rxc6 36. Rxc6+ Kxc6 37. Kxd4 1-0

[Event "Live Chess"]
[Site "Chess.com"]
[Date "2023.05.21"]
[Round "-"]
[White "Nazar_777"]
[Black "RockTroll"]
[Result "0-1"]
[WhiteElo "1557"]
[BlackElo "2221"]
[TimeControl "300"]
[EndTime "5:06:19 PDT"]
[Termination "RockTroll won by checkmate"]

1. e3 Nf6 2. h4 g6 3. a3 h5 4.
c4 d6 5. Nc3 c5 6. Be2 Nc6 7.
Qc2 Bf5 8. Bd3 Bxd3 9. Qxd3 Bg7 10. Qc2 O-O 11. b3 a6 12. Bb2 Rb8 13. Rc1 b5 14. cxb5 axb5 15. Nf3 b4 16. Nb1 bxa3 17. Nxa3 Nb4 18. Qb1 Qa5 19. Nc4 Qb5 20. Ng5 d5 21.
Na3 Nd3+ 22. Kd1 Qxb3+ 23. Qc2 Nxb2+ 24. Ke2 Qxa3 25. g4 Qa6+ 26. Kf3 hxg4+ 27. Kg2 Nd3 28. h5 Nxc1 29. hxg6 Qd3 30. Qxc1 Qxg6 31. f4 gxf3+ 32. Kxf3 Qxg5 33. Ke2 Qg2+ 34. Kd3 c4+ 35.
Kc3 Ne4+ 36. Kc2 c3 37. Qd1 Rb2+ 38. Kd3 Rxd2+ 39. Qxd2 Qxd2# 0-1

[Event "Live Chess"]
[Site "Chess.com"]
[Date "2023.05.21"]
[Round "-"]
[White "LiamClery2020"]
[Black "TheAuditer"]
[Result "1-0"]
[WhiteElo "1979"]
[BlackElo "1398"]
[TimeControl "300"]
[EndTime "5:06:33 PDT"]
[Termination "LiamClery2020 won by resignation"]

1. e4 e6 2. d4 d5 3. Nd2 Nf6 4.
e5 Nfd7 5. Ngf3 c5 6. c3 Nc6 7. Bd3 cxd4 8. cxd4 Qb6 9. O-O Nxd4 10. Nxd4 Qxd4 11.
Nf3 Qg4 12. h3 Qb4 13. Qc2 Qc5 14. Bxh7 Qxc2 15. Bxc2 Be7 16. Bf4 b6 17. Rac1 Ba6 18.
Rfe1 Rc8 19. Ba4 Rc4 20. Rxc4 Bxc4 21. Rc1 Kd8 22. Nd4 Bc5 23. Nc6+ Kc7 24. b3 Ba6 25. b4 Bxb4 26. Nxb4+ 1-0

[Event "Live Chess"]
[Site "Chess.com"]
[Date "2023.05.21"]
[Round "-"]
[White "JanMur7"]
[Black "raminguy"]
[Result "0-1"]
[WhiteElo "1954"]
[BlackElo "1957"]
[TimeControl "300"]
[EndTime "5:06:38 PDT"]
[Termination "raminguy won by resignation"]

1. e4 e5 2. Nf3 Nc6 3. Nc3 Nf6 4.
Nxe5 Nxe5 5. d4 d6 6. dxe5 dxe5 7.
Qxd8+ Kxd8 8. Be3 Bb4 9. f3 Ke7 10. Bc4 Rd8 11. Kf2 Be6 12. Bxe6 fxe6 13. Nb5 c6 14. c3 Ba5 15. b4 Bb6 0-1

[Event "Live Chess"]
[Site "Chess.com"]
[Date "2023.05.21"]
[Round "-"]
[White "Nicckui"]
[Black "srichess4u"]
[Result "1-0"]
[WhiteElo "1774"]
[BlackElo "642"]
[TimeControl "300"]
[EndTime "5:06:43 PDT"]
[Termination "Nicckui won by resignation"]

1. e4 e5 2. Nc3 Nf6 3. f4 exf4 4. e5 Ng4 5. Qxg4 Bc5 6. Qxg7 Rf8 7.
Ne4 Bxg1 8. Nf6+ Ke7 9. Rxg1 Ke6 10. Bc4+ Kxe5 11. Ne8+ f6 12. Qxf8 d5 13. d4+ Kxd4 14.
Bd3 Ke5 15. Bd2 Bg4 16. Bc3+ Ke6 17. Kd2 Qd6 18. Rae1+ Kd7 19. Nxd6 cxd6 20. Qf7+ Kc6 21. Re7 Nd7 22. h3 Bh5 23. Bb5+ Kxb5 24. Qxd5+ Nc5 25. Qxh5 b6 26. b4 Rf8 27. bxc5 dxc5 28. a4+ Kxa4 29.
Rxa7+ Kb5 30. Qd5 Rf7 31. Rxf7 1-0

[Event "Live Chess"]
[Site "Chess.com"]
[Date "2023.05.21"]
[Round "-"]
[White "DC_NC_11"]
[Black "luckywookie"]
[Result "0-1"]
[WhiteElo "1273"]
[BlackElo "783"]
[TimeControl "300"]
[EndTime "5:06:46 PDT"]
[Termination "luckywookie won - game abandoned"]

1. c4 e5 2. Nc3 Nf6 3. g3 d5 4. cxd5 Nxd5 5. Bg2 c6 6. e4 Nxc3 7.
dxc3 Qxd1+ 8. Kxd1 Bc5 9. f4 exf4 10. Bxf4 O-O 11. Nf3 Bg4 12. h3 Rd8+ 13. Ke2 Be6 14.
Rhd1 Nd7 15. Ne5 Nxe5 16. Bxe5 Bc4+ 17. Kf3 Rxd1 18. Rxd1 Re8 19. Bd6 b6 20. Bxc5 bxc5 21. b3 Be6 22. g4 g5 23. Bf1 Rb8 24. Bc4 Bxc4 25. bxc4 Rb2 26. Kg3 Rxa2 27. h4 Rc2 28.
h5 h6 29. Rd8+ Kg7 30. Rc8 Rxc3+ 31. Kf2 Rxc4 32. Rxc6 a5 33. e5 a4 34. e6 fxe6 35.
Rxe6 a3 36. Re1 a2 37. Re7+ Kf6 38. Ra7 Rc2+ 39. Ke3 Ke5 40. Kd3 Rg2 41. Kc3 Kf4 42. Ra4+ Kg3 43. Kb3 Kh4 44. Kc4 Rxg4+ 0-1

[Event "Live Chess"]
[Site "Chess.com"]
[Date "2023.05.21"]
[Round "-"]
[White "Ferrarifan27"]
[Black "domrobson"]
[Result "0-1"]
[WhiteElo "2069"]
[BlackElo "1721"]
[TimeControl "300"]
[EndTime "5:06:49 PDT"]
[Termination "domrobson won by checkmate"]

1. e4 e5 2. Nf3 Nc6 3. Bb5 a6 4.
Ba4 Nf6 5. O-O Nxe4 6. d4 b5 7. Bb3 d5 8. dxe5 Be6 9. Nbd2 Nc5 10. Re1 Be7 11. c3 Nxb3 12. Nxb3 O-O 13. Nbd4 Nxd4 14. Nxd4 c5 15. Nxe6 fxe6 16. Qg4 Qd7 17. Bh6 Rf7 18. Rad1 c4 19. Re2 Kh8 20. Be3 Raf8 21. Red2 Rf5 22.
Bd4 Qc7 23. Re2 Bc5 24. Bxc5 Qxc5 25. Rdd2 Qc7 26. Qg3 h6 27. Rd4 a5 28. Rg4 b4 29.
h4 bxc3 30. Qxc3 Qa7 31. Qg3 d4 32. Ree4 d3 33. Rxc4 d2 34. Rgd4 Rxf2 35. Kh2 Qb7 36. Rc2 d1=Q 37. Rxf2 Qxd4 38. Rxf8+ Kh7 39. b3 Qbe4 40. h5 Qh4+ 41. Qxh4 Qxh4+ 42. Kg1 Qe1+ 43. Kh2 Qxe5+ 44. Kg1 Qxh5 45. Rf3 Qg6 46. a4 e5 47.
Kf2 Qc2+ 48. Kg3 e4 49. Re3 g5 50. Kg4 Kg6 51. Kg3 h5 52. b4 axb4 53. a5 h4+ 54.
Kh2 b3 55. a6 b2 56. a7 Qc7+ 57. Kh3 Qc8+ 58. g4 b1=Q 59. Re2 Qf1+ 60. Rg2 Qc3+ 61. Kh2 Qxg2+ 62. Kxg2 Qf3+ 63. Kg1 e3 64. a8=Q Qxa8 65. Kh2 Qa2+ 66. Kh3 Qb3 67. Kg2 e2 68. Kf2 Qd3 69. Ke1 Qd1+ 70. Kf2 Qf1+ 71. Ke3 e1=Q+ 72. Kd4 Qf4+ 73.
Kc5 Qee5+ 74. Kc6 Qff6+ 75. Kb7 Qee7+ 76. Kb8 Qff8# 0-1

[Event "Live Chess"]
[Site "Chess.com"]
[Date "2023.05.21"]
[Round "-"]
[White "Duke_of_Bebington"]
[Black "JoeyCage"]
[Result "1-0"]
[WhiteElo "1600"]
[BlackElo "2276"]
[TimeControl "300"]
[EndTime "5:07:05 PDT"]
[Termination "Duke_of_Bebington won by checkmate"]

1. f4 c5 2. Nf3 Nc6 3. e3 g6 4. b3 Bg7 5. Nc3 Nf6 6. Bb2 Ne4 7. Bd3 Nxc3 8. Bxc3 Bxc3 9. dxc3 O-O 10. O-O e6 11. e4 d5 12. e5 a6 13. Qe1 f6 14. Rd1 Qc7 15. Qg3 f5 16. Ng5 b5 17.
c4 bxc4 18. bxc4 d4 19. Rb1 Bb7 20. Nxe6 Qe7 21. Nxf8 Rxf8 22. Rfe1 Nb4 23. a3 Na2 24. Rb3 Nc3 25. h3 Qc7 26. Qf2 Kg7 27. g4 fxg4 28. hxg4 a5 29. f5 Qc6 30. Qh2 Qf3 31. Rxb7+ Qxb7 32. f6+ Kg8 33. Qh6 Qd7 34. e6 Qc7 35. f7+ Kh8 36. Qxf8# 1-0

[Event "Live Chess"]
[Site "Chess.com"]
[Date "2023.05.21"]
[Round "-"]
[White "BillythekidFellowes"]
[Black "Sha_25"]
[Result "1-0"]
[WhiteElo "2061"]
[BlackElo "1138"]
[TimeControl "300"]
[EndTime "5:07:06 PDT"]
[Termination "BillythekidFellowes won by resignation"]

1. e4 c6 2. Nf3 d5 3. exd5 cxd5 4. d4 Bg4 5. c4 Nc6 6. Nc3 e6 7. Be3 Nf6 8. Qb3 Qb6 9. Be2 Qxb3 10. axb3 Bb4 11.
O-O O-O 12. Rfc1 a6 13. h3 Bxf3 14. Bxf3 Rfd8 15. Na4 b5 16. Nb6 Ra7 17. cxb5 Na5 18. bxa6 Nxb3 19. Rc8 Rxc8 20. Nxc8 Nxa1 21. Nxa7 Nb3 22.
Nc6 Bc5 23. dxc5 Na5 24. a7 Nxc6 1-0

[Event "Live Chess"]
[Site "Chess.com"]
[Date "2023.05.21"]
[Round "-"]
[White "Doge_Dandolo"]
[Black "diana21strabt"]
[Result "1-0"]
[WhiteElo "1905"]
[BlackElo "1746"]
[TimeControl "300"]
[EndTime "5:07:06 PDT"]
[Termination "Doge_Dandolo won by resignation"]

1. Nf3 Nf6 2. c4 g6 3. Nc3 Bg7 4. e4 d6 5. d4 Nbd7 6. h3 O-O 7. Bg5 e5 8. d5 a5 9. Qc2 h6 10. Bd2 Nc5 11. g4 Bd7 12. Rg1 Nh7 13. O-O-O a4 14. Be2 a3 15. b3 Qe7 16. h4 c6 17. Be3 cxd5 18. Nxd5 Qd8 19. Kb1 Qc7 20. Nxc7 1-0

[Event "Live Chess"]
[Site "Chess.com"]
[Date "2023.05.21"]
[Round "-"]
[White "Leonid_Starozhilov"]
[Black "EdenHazard8"]
[Result "1-0"]
[WhiteElo "2633"]
[BlackElo "1932"]
[TimeControl "300"]
[EndTime "5:07:06 PDT"]
[Termination "Leonid_Starozhilov won by resignation"]

1. a4 e5 2. e4 Nc6 3. Nc3 Bc5 4.
Bb5 Qg5 5. Kf1 Nge7 6. d4 exd4 7. Bxg5 f6 8. Bf4 g5 9. Bxc7 Nb4 10. Nce2 d3 11.
Bxd3 1-0

[Event "Live Chess"]
[Site "Chess.com"]
[Date "2023.05.21"]
[Round "-"]
[White "zdanevych"]
[Black "ExIsambard"]
[Result "0-1"]
[WhiteElo "1531"]
[BlackElo "1909"]
[TimeControl "300"]
[EndTime "5:07:09 PDT"]
[Termination "ExIsambard won by resignation"]

1. d4 Nf6 2. c4 e5 3. dxe5 Ng4 4. Nf3 d6 5. exd6 Bxd6 6. Nc3 O-O 7. h3 Ne5 8. Nxe5 Bxe5 9. Qxd8 Rxd8 10. Bd2 Be6 11. e3 Nc6 12. a3 Na5 13. Rd1 Nxc4 14. Bxc4 Bxc4 15. f4 Bf6 16. Ne4 Bxb2 17. Bb4 a5 18. Bc5 Re8 19. Nd2 Ba6 20. Kf2 b6 21. Bd4 Bxa3 22.
Be5 f6 23. Bxc7 Bc5 24. Rhe1 Rac8 25. Bxb6 Bxb6 26. Nf3 Rc2+ 27. Kg3 Bxe3 28. Nd4 Bf2+ 0-1

[Event "Live Chess"]
[Site "Chess.com"]
[Date "2023.05.21"]
[Round "-"]
[White "lHolyDiverl"]
[Black "AbilifyXL"]
[Result "0-1"]
[WhiteElo "555"]
[BlackElo "1961"]
[TimeControl "300"]
[EndTime "5:07:14 PDT"]
[Termination "AbilifyXL won on time"]

1. d4 d5 2. Nc3 c6 3. Bf4 Nf6 4. e3 Bg4 5. Be2 Bxe2 6. Ngxe2 e6 7. O-O Bd6 8. Bg3 O-O 9. Nf4 Qc7 10. Nce2 Nbd7 11.
a4 Ne4 12. b3 h6 13. Qd3 Rae8 14. Nc3 Nxg3 15. fxg3 e5 16. Nfe2 Re7 17. e4 dxe4 18. Nxe4 exd4 19. Nxd4 Nc5 20. Nxc5 Bxc5 21. Rae1 Rd7 22.
Re2 Bxd4+ 23. Kh1 Bf6 24. Qf5 Rd6 25. Rfe1 Qd7 26. Qxd7 Rxd7 27. Re8 Rxe8 28. Rxe8+ Kh7 29. h3 Kg6 30. Ra8 a6 31. Re8 Rd2 32. Re4 Rxc2 33.
Rg4+ Kh7 34. Re4 Rc3 35. Re7 Rxb3 36. Rxf7 c5 37. Rc7 Bd4 0-1

[Event "Live Chess"]
[Site "Chess.com"]
[Date "2023.05.21"]
[Round "-"]
[White "seasidecastle27"]
[Black "OleksiyJr1"]
[Result "1-0"]
[WhiteElo "1845"]
[BlackElo "1005"]
[TimeControl "300"]
[EndTime "5:07:43 PDT"]
[Termination "seasidecastle27 won by resignation"]

1. d4 Nf6 2. Nf3 c6 3. Bf4 d5 4. e3 Nbd7 5. Bd3 Nb6 6. Nbd2 g6 7. O-O Bf5 8. Bxf5 gxf5 9. Ne5 e6 10. c4 dxc4 11.
Ndxc4 Nxc4 12. Nxc4 Qd5 13. Rc1 O-O-O 14. Qa4 Rd7 15. Ne5 Rd8 16. Qxa7 Bd6 17. b4 Bxe5 18. Bxe5 1-0

[Event "Live Chess"]
[Site "Chess.com"]
[Date "2023.05.21"]
[Round "-"]
[White "LL220284LL"]
[Black "hturner40"]
[Result "1-0"]
[WhiteElo "2329"]
[BlackElo "1772"]
[TimeControl "300"]
[EndTime "5:07:50 PDT"]
[Termination "LL220284LL won by checkmate"]

1. d4 Nf6 2. Bg5 g6 3. Nd2 Bg7 4. e3 O-O 5. Ngf3 d5 6. Bd3 c5 7.
c3 Nc6 8. O-O Nd7 9. Re1 f6 10.
Bh4 e5 11. dxe5 Ndxe5 12. Nxe5 Nxe5 13. Bc2 Qb6 14. Nb3 Be6 15. a4 a5 16. Rb1 Rad8 17. Nd2 d4 18. exd4 cxd4 19. cxd4 Qxd4 20. Ne4 Bf5 21. Qxd4 Rxd4 22. Bb3+ Kh8 23. f3 Bxe4 24. Rxe4 Rd2 25. Be1 Rdd8 26. Bxa5 Rd3 27. Bc2 Rd5 28. Bc3 f5 29. Re2 Nd3 30. Bxg7+ Kxg7 31. Rd1 Nf4 32. Re7+ Kf6 33. Rxd5 Nxd5 34. Rxb7 Rc8 35. Bb3 Ne3 36. f4 Rc1+ 37. Kf2 Ng4+ 38. Ke2 Rg1 39. Rf7# 1-0

[Event "Live Chess"]
[Site "Chess.com"]
[Date "2023.05.21"]
[Round "-"]
[White "MJMykh"]
[Black "BJAW87"]
[Result "0-1"]
[WhiteElo "1168"]
[BlackElo "1452"]
[TimeControl "300"]
[EndTime "5:07:50 PDT"]
[Termination "BJAW87 won by checkmate"]

1. e4 c6 2. Nf3 d5 3. exd5 cxd5 4.
Nc3 d4 5. Nb1 e5 6. c3 Nc6 7. cxd4 exd4 8. Bb5 Be7 9. Bxc6+ bxc6 10.
O-O Nf6 11. d3 O-O 12. Bg5 h6 13. Bxf6 Bxf6 14. Nbd2 Bb7 15. Nc4 c5 16. Nce5 Re8 17. Re1 Qc7 18. Nc4 Bd5 19. Rxe8+ Rxe8 20. g3 Qc6 21.
Kg2 Be6 22. Na5 Qb5 23. Nb3 a5 24. Rb1 Bg4 25. h3 Bh5 26. g4 Bg6 27. Nc1 c4 28. Ne1 c3 29. Qc2 Rxe1 30. b3 Qd5+ 31. f3 h5 32. Kf2 Rh1 33. Kg2 Re1 34. Kf2 Re8 35. Ne2 hxg4 36. hxg4 Qd6 37. f4 Bh4+ 38. Kf3 Qd5# 0-1

[Event "Live Chess"]
[Site "Chess.com"]
[Date "2023.05.21"]
[Round "-"]
[White "ViktorTheCoolBoy"]
[Black "djw60"]
[Result "1/2-1/2"]
[WhiteElo "2472"]
[BlackElo "2162"]
[TimeControl "300"]
[EndTime "5:07:52 PDT"]
[Termination "Game drawn by repetition"]

1. d4 Nf6 2. c4 e6 3. Nc3 Bb4 4. f3 O-O 5. e4 d5 6. e5 Nfd7 7. cxd5 exd5 8. Bd3 c5 9. Kf2 cxd4 10. Nxd5 Nc6 11.
Nxb4 Nxb4 12. f4 Nc5 13. Bb1 d3 14. Nf3 Bf5 15. Be3 Ne4+ 16. Kg1 Rc8 17. Nd4 Nc2 18. Nxc2 dxc2 19. Bxc2 Ng3 20. Qxd8 Rfxd8 21. hxg3 Rxc2 22. Kh2 Be4 23. Rhd1 Rxg2+ 24. Kh3 Rxd1 25. Rxd1 h5 26. Rd8+ Kh7 27. Rd4 Bf3 28. f5 Re2 29. Bf4 Bg4+ 30. Kh4 f6 31. exf6 gxf6 32. Rd2 Rxd2 33. Bxd2 Bxf5 34.
Kxh5 Bg6+ 35. Kg4 Bf7 36. Kf5 Bxa2 37. Kxf6 Bb1 38. g4 b6 39. g5 a5 40. Ke5 a4 41.
Kd6 b5 42. Kc5 Bd3 43. Kb4 Kg6 44. Be3 Kf5 45. Bd2 Kg6 46. Be3 Kf5 47. Bd2 Kg6 1/2-1/2

[Event "Live Chess"]
[Site "Chess.com"]
[Date "2023.05.21"]
[Round "-"]
[White "davigator"]
[Black "gmnorfolk"]
[Result "1/2-1/2"]
[WhiteElo "2326"]
[BlackElo "2121"]
[TimeControl "300"]
[EndTime "5:07:56 PDT"]
[Termination "Game drawn by repetition"]

1. e4 e5 2. Nf3 Nc6 3. Bc4 Nf6 4. d3 d5 5. exd5 Nxd5 6. O-O Nb6 7. Bb5 Bd6 8. Re1 f6 9. c3 O-O 10. Nbd2 Bg4 11. Ne4 Be7 12. h3 Bh5 13. Ng3 Bg6 14.
Bxc6 bxc6 15. d4 exd4 16. Nxd4 Qd7 17. Qf3 c5 18. Ndf5 Rfe8 19. Be3 Bf8 20. Rad1 Qb5 21. b3 Qa5 22. a4 Qxc3 23. Qc6 Qxb3 24. Bxc5 Qc4 25. Ne7+ Bxe7 26. Rc1 Qf7 27. a5 Bxc5 28. Qxc5 Rxe1+ 29. Rxe1 Qd5 30. Qc3 Nc4 31. Rc1 Bf7 32.
Qb4 Qxa5 33. Qe7 Qe5 34. Qd7 Qd6 35. Qa4 Qd5 36. Nf1 c5 37. Ne3 Nxe3 38. fxe3 c4 39. Qa6 Qd2 40. Rf1 Qxe3+ 41. Kh1 Qe7 42. Qa5 Rc8 43.
Re1 Qc7 44. Qc3 Qc5 45. Ra1 Qb6 46. Rd1 Qb3 47. Qa5 c3 48. Rd8+ Be8 49. Rxc8 Qd1+ 50. Kh2 Qd6+ 51. Kh1 Qd1+ 52. Kh2 Qd6+ 53. Kg1 Qd1+ 54.
Kh2 1/2-1/2

[Event "Live Chess"]
[Site "Chess.com"]
[Date "2023.05.21"]
[Round "-"]
[White "Crowded_House"]
[Black "f4nomore"]
[Result "0-1"]
[WhiteElo "1616"]
[BlackElo "1395"]
[TimeControl "300"]
[EndTime "5:07:59 PDT"]
[Termination "f4nomore won by checkmate"]

1. d4 d6 2. Bg5 g6 3. Nf3 Bg7 4. c3 Nd7 5. e3 c5 6. dxc5 Nxc5 7. Nbd2 Bd7 8. Nb3 Ba4 9. Nfd2 Nf6 10. Qc1 O-O 11. Nxc5 dxc5 12. b3 Bc6 13. Rb1 h6 14. Bf4 g5 15. Bg3 Nh5 16. Qd1 Nxg3 17. hxg3 Qd6 18. Nf3 Bxc3+ 19. Nd2 Rad8 20. Rc1 Bxd2+ 21. Qxd2 Qxd2# 0-1

[Event "Live Chess"]
[Site "Chess.com"]
[Date "2023.05.21"]
[Round "-"]
[White "garyjc"]
[Black "GEMdzq"]
[Result "0-1"]
[WhiteElo "1045"]
[BlackElo "2285"]
[TimeControl "300"]
[EndTime "5:08:12 PDT"]
[Termination "GEMdzq won by resignation"]

1. e4 d6 2. d4 Nf6 3. Nc3 g6 4. Bd3 Bg7 5. Nf3 O-O 6. h3 Na6 7. a3 c5 8. Ne2 c4 9. Bxc4 Nxe4 10. O-O Nc7 11. Re1 b5 12. Bd3 Bb7 13. Be3 Rc8 14.
c3 f5 15. Ng5 h6 16. Nxe4 fxe4 17. Bc2 a6 18. Ng3 d5 19. Qg4 Qd6 20. Bf4 Rxf4 21.
Qe2 Rcf8 0-1

[Event "Live Chess"]
[Site "Chess.com"]
[Date "2023.05.21"]
[Round "-"]
[White "HoarseyHorsey"]
[Black "NAZRIZ1977"]
[Result "0-1"]
[WhiteElo "1486"]
[BlackElo "1971"]
[TimeControl "300"]
[EndTime "5:08:18 PDT"]
[Termination "NAZRIZ1977 won by resignation"]

1. d4 Nf6 2. c4 c5 3. d5 b5 4. cxb5 a6 5. e3 g6 6. Nc3 Bg7 7. a4 O-O 8. e4 d6 9. Bd2 axb5 10.
Bxb5 Ba6 11. Bxa6 Nxa6 12. Nf3 Qa5 13. O-O Rfb8 14. Rb1 Ne8 15. Nb5 Qb6 16. b3 Nec7 17.
Nxc7 Qxc7 18. Re1 Nb4 19. e5 Nd3 20. Re3 Nxe5 21. Nxe5 Bxe5 22. Rxe5 dxe5 23. Bh6 Qd6 24. Qf3 c4 25. Rc1 cxb3 26. Rc6 b2 27. Rxd6 b1=Q+ 0-1

[Event "Live Chess"]
[Site "Chess.com"]
[Date "2023.05.21"]
[Round "-"]
[White "wot-not"]
[Black "chessfiction"]
[Result "0-1"]
[WhiteElo "1540"]
[BlackElo "2312"]
[TimeControl "300"]
[EndTime "5:08:20 PDT"]
[Termination "chessfiction won by resignation"]

1. d4 d5 2. c4 c6 3. Nc3 Nf6 4. cxd5 cxd5 5. Bf4 Nc6 6. e3 Bf5 7. Bd3 Ne4 8. Bxe4 dxe4 9. Nge2 e6 10. O-O Be7 11. Nb5 O-O 12. Nec3 a6 13. Na3 Nb4 14.
Qb3 a5 15. Nc4 Rc8 16. Ne5 f6 17. Nc4 h5 18. Nd2 g5 19. Bg3 h4 20. Bxh4 gxh4 21. Ndxe4 Rf7 22. a3 Nd5 23. Qxb7 Rg7 24. Nxd5 exd5 25.
Nc3 Bh3 26. Nxd5 Bd6 27. Qxg7+ Kxg7 28. gxh3 Bxh2+ 29. Kxh2 Qxd5 30. Rg1+ Kf7 31. Rg4 Rc2 32. Rf4 Qd6 33. Kg1 Qc6 34. b4 Rc1+ 35. Rxc1 Qxc1+ 36. Kg2 a4 37. e4 Qxf4 0-1

[Event "Live Chess"]
[Site "Chess.com"]
[Date "2023.05.21"]
[Round "-"]
[White "TheSmoulderingMaster"]
[Black "Mikhail_Golubev"]
[Result "0-1"]
[WhiteElo "1639"]
[BlackElo "2450"]
[TimeControl "300"]
[EndTime "5:08:22 PDT"]
[Termination "Mikhail_Golubev won by resignation"]

1. e4 Na6 2. d4 c6 3. Bxa6 bxa6 4.
Nf3 d5 5. e5 Bg4 6. O-O e6 7.
Qd3 Ne7 8. Bg5 Qb6 9. Nbd2 Bf5 10. Qb3 h6 11. Be3 Qxb3 12. cxb3 Kd7 13. b4 Bg6 14. a3 Nf5 15. Bf4 Bh7 16. Nb3 g5 17. Be3 g4 18. Nfd2 h5 19. Rfc1 h4 20. Nc5+ Bxc5 21.
Rxc5 g3 22. hxg3 hxg3 23. Bg5 gxf2+ 24. Kxf2 Nxd4 25. Bf6 Rhg8 26. Rac1 Rg4 27. Nf3 Nb3 28. Rxc6 Nxc1 29. Rxc1 Rag8 30. Nh4 Rc4 31. Rh1 Rc2+ 32. Kf3 Be4+ 33. Ke3 Rxb2 34. Rc1 Rb3+ 35. Kf4 Rbg3 36. Nf3 Rxg2 37. Ng5 Rf2+ 38. Ke3 Rxf6 39. exf6 Rxg5 40. Rc5 Rg3+ 41. Kf4 Rf3+ 42. Ke5 Rf5+ 43. Kd4 e5+ 44. Ke3 Rxf6 45. Ra5 Rf3+ 46. Ke2 f5 47. Rxa6 Bd3+ 0-1

[Event "Live Chess"]
[Site "Chess.com"]
[Date "2023.05.21"]
[Round "-"]
[White "GMHarry-youtube"]
[Black "ossie57"]
[Result "1-0"]
[WhiteElo "2032"]
[BlackElo "1882"]
[TimeControl "300"]
[EndTime "5:08:42 PDT"]
[Termination "GMHarry-youtube won by resignation"]

1. e4 d6 2. d4 Nf6 3. Nc3 Nbd7 4. f4 e5 5. Nf3 exd4 6. Nxd4 Be7 7. Be3 O-O 8. Bd3 c6 9. O-O Nc5 10. h3 Nxd3 11. Qxd3 b5 12. g4 Qc7 13. Qe2 b4 14. g5 bxc3 15. gxf6 Bxf6 16. bxc3 c5 17.
Nb5 Qd7 18. Rad1 Qxh3 19. Nxd6 Qg3+ 20. Kh1 Qh3+ 21. Qh2 Qxe3 22. Rd3 Qxd3 23. cxd3 1-0

[Event "Live Chess"]
[Site "Chess.com"]
[Date "2023.05.21"]
[Round "-"]
[White "MarkLim1"]
[Black "LiamClery2020"]
[Result "0-1"]
[WhiteElo "1691"]
[BlackElo "1982"]
[TimeControl "300"]
[EndTime "5:08:45 PDT"]
[Termination "LiamClery2020 won by resignation"]

1. d4 Nf6 2. Nf3 d5 3. c4 e6 4.
cxd5 exd5 5. Nc3 Bd6 6. Qc2 O-O 7. Bg5 Nc6 8. e3 Be6 9. Bd3 h6 10. Bh4 Nb4 11. Qd1 Nxd3+ 12. Qxd3 Be7 13. O-O c6 14.
Rab1 Nd7 15. Bxe7 Qxe7 16. b4 Nb6 17. Nd2 Qf6 18. a4 Bf5 19. e4 dxe4 20. Ndxe4 Qg6 21. Rbe1 Nd5 22. f3 Nxb4 23. Qc4 Na6 24. Ng3 Bd3 0-1

[Event "Live Chess"]
[Site "Chess.com"]
[Date "2023.05.21"]
[Round "-"]
[White "JohanKjeldahl"]
[Black "manthanit"]
[Result "1-0"]
[WhiteElo "1866"]
[BlackElo "1095"]
[TimeControl "300"]
[EndTime "5:08:58 PDT"]
[Termination "JohanKjeldahl won by resignation"]

1. c4 e6 2. Nc3 d6 3. d4 g6 4.
e4 Bg7 5. Be3 Ne7 6. f3 O-O 7.
Bd3 b6 8. Qd2 Bb7 9. O-O-O Nd7 10. h4 e5 11. d5 Nc5 12. Bc2 a5 13. h5 Ba6 14. b3 Bb7 15. g4 a4 16. hxg6 fxg6 17.
Qh2 Kf7 18. Nh3 axb3 19. Ng5+ Ke8 20. axb3 Ra1+ 21. Kd2 Rxd1+ 22. Bxd1 Rh8 23. Bxc5 bxc5 24. Ne6 Qd7 25. Nxg7+ Kf7 26. Ne6 c6 27. f4 cxd5 28. cxd5 Nxd5 29. exd5 Bxd5 30. Ng5+ Ke8 31. Nxd5 exf4 32.
Nf6+ 1-0